 Dungeon Crawl Stone Soup version 0.17-a0-1923-gc35365e (webtiles) character file.

18 graki42 the Charmwright (level 2, 0/13 HPs)
             Began as a Felid Skald on Sept 28, 2015.
             Succumbed to an adder's poison
             ... on level 2 of the Dungeon.
             The game lasted 00:02:27 (676 turns).

graki42 the Charmwright (Felid Skald)                Turns: 676, Time: 00:02:27

Health: 0/13       AC:  1    Str:  8    XL:     2   Next: 48%
Magic:  3/6        EV: 17    Int: 13    God:
Gold:   57         SH:  0    Dex: 15    Spells: 1 memorised, 4 levels left
                                        Lives:  0   Deaths: 0

rFire  . . .     SeeInvis +       - Unarmed
rCold  . . .     Clarity  .     (armour unavailable)
rNeg   . . .     SustAt   .     (shield unavailable)
rPois  .         Gourm    .     (helmet unavailable)
rElec  .         Spirit   .     (cloak unavailable)
rCorr  .         Warding  .     (gloves unavailable)
rMut   .         Stasis   .     (boots unavailable)
MR     .....                    (no amulet)
Stlth  ++........               (no ring)
                                (no ring)

@: lethally poisoned (0 -> -12), infused, quick, not resistant to hostile
enchantments, unstealthy
A: no armour, no weapons or thrown items, claws 1, fangs 3, see invisible,
carnivore 3, speed 1, shaggy fur 1, slow metabolism 1, sharp paws
a: no special abilities


You were on level 2 of the Dungeon.
You were not hungry.

You visited 1 branch of the dungeon, and saw 2 of its levels.

You collected 57 gold pieces.

Inventory:

Jewellery
 h - an uncursed ring of protection from cold {unknown}
Scrolls
 e - 2 scrolls of identify {unknown}
 f - a scroll of noise {unknown}
 j - a scroll of random uselessness {unknown}
Potions
 c - a potion of haste {unknown}
 d - a potion of heal wounds {unknown}
 g - a potion of curing {unknown}
 i - a potion of agility {unknown}
Books
 a - a book of Battle

   Spells                             Type                      Level
   a - Infusion                       Charms                       1
   b - Shroud of Golubria             Charms/Translocation         2
   c - Song of Slaying                Charms                       2
   d - Spectral Weapon                Hexes/Charms                 3
   e - Regeneration                   Charms/Necromancy            3
Comestibles
 b - 2 meat rations


   Skills:
 + Level 2.2 Fighting
 + Level 2.3 Dodging
 * Level 0.8 Stealth
 + Level 2.0 Unarmed Combat
 + Level 2.2 Spellcasting
 + Level 3.9 Charms


You had 4 spell levels left.
You knew the following spells:

 Your Spells              Type           Power        Failure   Level  Hunger
a - Infusion              Chrm           ##....       6%          1    ##.....


Dungeon Overview and Level Annotations

Branches:
Dungeon (2/15)

Altars:

Annotations:
D:2 Ijyb


Innate Abilities, Weirdness & Mutations

You cannot wear armour.
You are incapable of wielding weapons or throwing items.
You have sharp claws.
You have razor-sharp teeth.
You have supernaturally acute eyesight.
You are carnivorous and can eat meat at any time.
You cover ground quickly.
You are covered in fur (AC +1).
You have a slow metabolism.
Your sharp claws are effective at attacking unaware monsters.


Message History

You completely miss the adder.
The adder is moderately wounded.
* * * LOW HITPOINT WARNING * * *
You feel sick.
Ijyb screams, "It's all mine!"
The adder misses you.
You scratch the adder.
The adder is almost dead.
* * * LOW HITPOINT WARNING * * *
You feel sick. The adder closely misses you.
You closely miss the adder.
The adder is almost dead.
* * * LOW HITPOINT WARNING * * *
You feel sick. The adder misses you.
You miss the adder.
The adder is almost dead.
The adder barely misses you. x2
You closely miss the adder.
The adder is almost dead.
You die...

#.# ... .## ...
#.. .. ....
#.#..#### .....
#........
..)..##.#..g...
....S..........
?......g...#
#S# #@#
#######.######
#..............
#.#####...#####
#.# ###.# #.#
.# #.# .# #.# #
#.#


You could see Ijyb and an adder.

Vanquished Creatures
  A giant gecko (D:1)
  A bat (D:1)
  A giant cockroach (D:1)
  2 goblins (D:2)
  4 hobgoblins
  2 kobolds
  A giant newt (D:1)
  3 rats
15 creatures vanquished.

Notes
Turn   | Place    | Note
--------------------------------------------------------------
     0 | D:1      | graki42 the Felid Skald began the quest for the Orb.
     0 | D:1      | Reached XP level 1. HP: 9/9 MP: 4/4
   286 | D:1      | Reached XP level 2. HP: 13/13 MP: 0/6
   664 | D:2      | Noticed Ijyb
   676 | D:2      | Succumbed to an adder's poison

Vault maps used:
D:1:      tarquinn_simple_flora_water_f
D:2:      gammafunk_temple_overflow_pools, first_bread,
          nicolae_gozag_zags_fifth_avenue, uniq_iyjb

Action                   || total
-------------------------++-------
Melee: Unarmed           ||    40
 Cast: Infusion          ||    10
